 Dungeon Crawl Stone Soup version 0.31-a0-853-gc9b61b78f7 (webtiles) character file.

Game seed: 6971175118112619571

1575 EiAlmux the Ruffian (level 8, -4/120 HPs)
             Began as a Troll Berserker on Oct 8, 2023.
             Was a Priest of Trog.
             Slain by a water moccasin (5 damage)
             ... on level 7 of the Dungeon.
             The game lasted 00:16:21 (5178 turns).

EiAlmux the Ruffian (Troll Berserker)               Turns: 5178, Time: 00:16:21

Health: -4/120     AC:  4    Str: 28    XL:     8   Next: 60%
Magic:  0/7        EV: 11    Int:  3    God:    Trog [***...]
Gold:   243        SH:  0    Dex:  9    Spells: 7/7 levels left

rFire   . .          .
                       - Unarmed
rCold   . . .        (no shield)
rNeg    . . .        a - +0 animal skin
rPois   .            (helmet restricted)
rElec   .            (no cloak)
rCorr   .            (gloves unavailable)
SInv    +            (boots unavailable)
Will    ++...        o - amulet of guardian spirit Stlth
                     u - ring of see invisible
HPRegen 2.20/turn    (no ring)
MPRegen 0.10/turn

%: guardian spirit
@: berserking, lethally poisoned (-4 -> -9), strong-willed, regenerating, slowed
A: large, unfitting armour, claws 3, regeneration 1, shaggy fur 1, tough skin 1
a: Renounce Religion, Berserk, Trog's Hand


You were on level 7 of the Dungeon.
You worshipped Trog.
Trog was most pleased with you.
You visited 1 branch of the dungeon, and saw 7 of its levels.

You collected 243 gold pieces.

Inventory:

Hand Weapons
 r - a +2 short sword of venom
Armour
 a - a +0 animal skin (worn)
Jewellery
 o - an amulet of guardian spirit (around neck)
 u - a ring of see invisible (left claw)
Wands
 h - a wand of digging (5)
 x - a wand of flame (19)
Scrolls
 b - a scroll of blinking {unknown}
 d - 2 scrolls of poison {unknown}
 e - 3 scrolls of amnesia
 g - a scroll of fear
 i - a scroll of revelation {unknown}
 k - a scroll of immolation
 q - a scroll of enchant weapon {unknown}
 s - 2 scrolls of fog {unknown}
 t - 3 scrolls of teleportation {unknown}
 v - a scroll of enchant armour {unknown}
 y - a scroll of noise {unknown}
Potions
 c - 2 potions of cancellation
 f - a potion of might {unknown}
 j - 4 potions of heal wounds
 l - a potion of magic {unknown}
 m - 4 potions of resistance {unknown}
 n - a potion of enlightenment {unknown}
 p - a potion of mutation {unknown}
 w - a potion of berserk rage {unknown}
 z - a potion of attraction {unknown}
 A - 2 potions of haste {unknown}
 B - a potion of invisibility {unknown}


   Skills:
 + Level 5.3 Fighting
 + Level 5.3 Dodging
 * Level 2.6 Stealth
 + Level 6.4 Unarmed Combat


You had 7 spell levels left.
You didn't know any spells.
Your spell library was empty.

Dungeon Overview and Level Annotations

Branches:
Dungeon (7/15)             Temple (0/1) D:5

Altars:
Elyvilon
Fedhas
Gozag
Zin
The Shining One

Shops:
D:3 :


Innate Abilities, Weirdness & Mutations

You are too large for most types of armour.
You have claws for hands.
Your natural rate of healing is unusually fast.
You are covered in fur. (AC +1)
You have tough skin. (AC +1)


Message History

The killer bee is almost dead.
You feel sick. The killer bee stings you! The killer bee stings you.
You claw the killer bee!
You kill the killer bee!
Trog accepts your kill.
You feel sick.
The kobold brigand throws a curare-tipped dart.
The curare-tipped dart hits you.
You are more poisoned.
You have difficulty breathing.
* * * LOW HITPOINT WARNING * * *
You feel yourself slow down.
Your skin crawls.
You feel strong-willed.
You can no longer call in reinforcements.
You feel very sick. The water moccasin bites you.
* * * LOW HITPOINT WARNING * * *
The water moccasin bites you.
* * * LOW HITPOINT WARNING * * *
You are more poisoned.
The water moccasin poisons you!
A red film seems to cover your vision as you go berserk!
You feel yourself moving faster!
You feel mighty!
You feel extremely sick. The water moccasin barely misses you.
The water moccasin bites you.
* * * LOW HITPOINT WARNING * * *
You closely miss the water moccasin.
The water moccasin is severely wounded.
You feel very sick. The water moccasin bites you!
* * * LOW HITPOINT WARNING * * *
You are lethally poisoned!
The water moccasin poisons you!
You miss the water moccasin.
The water moccasin is severely wounded.
* * * LOW HITPOINT WARNING * * *
You feel very sick. The water moccasin bites you.
You die...

#..# ...## #....## ##.#
#....# .....###
#.###....## .......##
#..##.....# #.......##
##.##.....## #........#
#..##......# #.$.......
##...#......## #.........
#............####KK......
#....#.......).@SK.......
#....##.......#####.......
....####......## .......
...## #.......# ####..#
..# ##......# .# .#
##.....# . . ###..## ##.#
###


You could see a water moccasin, a kobold brigand and 2 kobolds.

Vanquished Creatures
  2 water moccasins (D:5)
  A black bear (D:5)
  2 ogres (D:5)
  A phantom (D:5)
  Blork the orc (D:4)
  2 scorpions (D:5)
  3 killer bees (D:7)
  A howler monkey (D:5)
  4 hounds
  5 orc priests
  3 iguanas
  2 sleepcaps
  Terence (D:2)
  An orc wizard (D:6)
  11 adders
  2 shadow imps
  A white imp (D:6)
  2 worms
  3 dart slugs
  17 orcs
  4 endoplasms
  A giant cockroach (D:2)
  3 goblins
  8 hobgoblins
  5 jackals
  3 quokkas
  7 ball pythons
  8 bats
  A frilled lizard (D:2)
  8 kobolds
  9 rats
122 creatures vanquished.

Notes
Turn   | Place    | Note
-------+----------+-------------------------------------------
     0 | D:1      | EiAlmux the Troll Berserker began the quest for the Orb.
     0 | D:1      | Reached XP level 1. HP: 22/22 MP: 0/0
   253 | D:1      | Reached XP level 2. HP: 29/29 MP: 1/1
   889 | D:2      | Reached ** piety under Trog
   902 | D:2      | Reached XP level 3. HP: 30/36 MP: 2/2
  1300 | D:2      | Noticed Terence
  1310 | D:2      | Killed Terence
  1311 | D:2      | Reached XP level 4. HP: 36/45 MP: 3/3
  1734 | D:3      | Reached skill level 4 in Unarmed Combat
  1778 | D:3      | Reached XP level 5. HP: 46/53 MP: 4/4
  1794 | D:3      | Reached *** piety under Trog
  1928 | D:3      | Found Gotwao Nusu's Book Shop.
  2380 | D:4      | Reached XP level 6. HP: 61/62 MP: 5/5
  2459 | D:4      | Found an opulent altar of Gozag.
  2465 | D:4      | Found an opulent altar of Gozag.
  2470 | D:4      | Found an opulent altar of Gozag.
  2730 | D:4      | Noticed Blork the orc
  2748 | D:4      | Killed Blork the orc
  2749 | D:4      | Reached skill level 5 in Unarmed Combat
  2825 | D:4      | Found an opulent altar of Gozag.
  3101 | D:5      | Entered Level 5 of the Dungeon
  3197 | D:5      | Noticed a water moccasin
  3210 | D:5      | Killed a water moccasin
  3211 | D:5      | Reached XP level 7. HP: 41/71 MP: 4/6
  3284 | D:5      | Found a staircase to the Ecumenical Temple.
  3468 | D:5      | Reached skill level 1 in Stealth
  3480 | D:5      | Found a blossoming altar of Fedhas.
  3786 | D:5      | Reached XP level 8. HP: 75/79 MP: 7/7
  3801 | D:5      | Reached skill level 5 in Fighting
  3801 | D:5      | Reached skill level 6 in Unarmed Combat
  3829 | D:5      | Identified the +0 robe "Kiuhaal" {Str+3}
  3912 | D:5      | Found a glowing silver altar of Zin.
  3912 | D:5      | Found a white marble altar of Elyvilon.
  3917 | D:5      | Reached skill level 5 in Dodging
  3971 | D:5      | Reached **** piety under Trog
  3977 | D:5      | Found a glowing golden altar of the Shining One.
  4568 | D:6      | Identified the +1 robe "Poitewna" {Fly rN+}
  5177 | D:7      | HP: 4/120 [water moccasin (6)]
  5178 | D:7      | HP: 1/120 [poisoned by a water moccasin]
  5178 | D:7      | Slain by a water moccasin

Illustrated notes

Levels and vault maps discovered:
D:1:      beargit_arrival_diablo_church, layout_basic
D:2:      layout_loops_ring, amcnicky_mini_corridor_feature,
          nicolae_kite_square_tiling_tiny, uniq_terence
D:3:      layout_loops_ring, serial_shops, shop, nicolae_half_adder
D:4:      cheibrodos_quashed, layout_loops_ring,
          nicolae_gozag_conspicuous_consumption, uniq_blork_the_orc
D:5:      layout_loops_corners, dreamdust_divine_triumvirate,
          lemuel_coloured_pillars_altar, minmay_temple_entry_arrows,
          minmay_pentangle
D:6:      layout_gridville
D:7:      layout_cave_pods, mainiacjoe_overflow_surrounded_room,
          chequers_temple_overflow_minitemple, nicolae_elevator_lobby_asterisk,
          uniq_menkaure

Skill      XL: |  1  2  3  4  5  6  7  8 |
---------------+-------------------------+-----
Fighting       | 3 4 5 |  5.3
Dodging        | 3 4 5 |  5.3
Unarmed Combat | 4 5 6 |  6.4
Stealth        | 1 2 |  2.6

Action                     |  1- 3 |  4- 6 |  7- 9 || total
---------------------------+-------+-------+-------++-------
  Melee: Unarmed           |    86 |   166 |   127 ||   379
         Punch             |     2 |     5 |     7 ||    14
 Invoke: Trog's Hand       |       |     1 |     1 ||     2
         Berserk           |       |       |     1 ||     1
    Use: Scroll            |       |     5 |       ||     5
   Stab: Sleeping          |       |       |     1 ||     1
 Armour: Animal skin       |    68 |    93 |    73 ||   234
  Dodge: Dodged            |    43 |    61 |    66 ||   170

Table legend: (Time is in decaauts)
 A = Elapsed time spent in this place.
 B = Non-inter-level travel time spent in this place.
 C = Inter-level travel time spent in this place.
 D = Time resting spent in this place.
 E = Time spent auto-exploring this place.
 F = Levels seen in this place.
 G = Mean time per level.
                   A        B        C        D        E       F      G
               +--------+--------+--------+--------+--------+-----+--------+
         Total |   5144 |   4914 |    230 |    147 |   3934 |   7 |  734.9 |
       Dungeon |   5144 |   4914 |    230 |    147 |   3934 |   7 |  734.9 |
               +--------+--------+--------+--------+--------+-----+--------+

Top non-repeatable levels by time:
     D:5: 1225 daAuts
     D:3: 886 daAuts
     D:1: 779 daAuts
     D:4: 768 daAuts
     D:6: 751 daAuts
     D:2: 648 daAuts
     D:7: 84 daAuts
